 Dungeon Crawl Stone Soup version 0.17-a0-1420-geb41feb (webtiles) character file.

44233 Kisielow the Carver (level 13, 119/119 HPs)
             Began as a Minotaur Fighter on June 23, 2015.
             Was a High Priest of Okawaru.
             Drowned
             ... in an ice cave on June 24, 2015.
             The game lasted 00:51:26 (16811 turns).

Kisielow the Carver (Minotaur Fighter)             Turns: 16811, Time: 00:51:27

Health: 119/119    AC: 20    Str: 29    XL:     13   Next: 95%
Magic:  19/19      EV:  9    Int:  5    God:    Okawaru [*****.]
Gold:   962        SH: 21    Dex: 10    Spells: 0 memorised, 12 levels left

rFire  x . .     SeeInvis .     B - +2 long sword (flame)
rCold  + + +     Clarity  .     A - +0 plate armour
rNeg   . . .     SustAt   .     K - +2 large shield {rC+}
rPois  .         Gourm    .     y - -3 hat of Disguise {+Inv +Fly}
rElec  .         Spirit   .     H - +2 cloak {rC+}
rCorr  .         Warding  .     l - +2 pair of gloves {Str+3}
rMut   .         Stasis   .     J - +0 pair of boots
MR     .....                    o - amulet of regeneration
Stlth  ..........               u - +4 ring of evasion
                                w - ring of ice

@: not resistant to hostile enchantments, extremely unstealthy
A: retaliatory headbutt, horns 2
a: Heroism, Finesse, Renounce Religion, Evoke Invisibility, Evoke Flight


You were in an ice cave.
You worshipped Okawaru.
Okawaru was extremely pleased with you.
You were not hungry.

You visited 3 branches of the dungeon, and saw 15 of its levels.
You also visited: Ice Cave and Volcano.

You collected 962 gold pieces.

Inventory:

Hand weapons
 B - a +2 long sword of flaming (weapon)
 U - a +1 long sword of slicing
Armour
 c - a +0 shield
 l - a +2 pair of gloves of strength (worn)
 y - the -3 hat of Disguise (worn) {+Inv +Fly}
   (Okawaru gifted it to you on level 2 of the Lair of Beasts)

   It lets you turn invisible.
   It lets you fly.
 A - a +0 plate armour (worn)
 E - a +2 scale mail of fire resistance
 H - a +2 cloak of cold resistance (worn)
 J - a +0 pair of boots (worn)
 K - a +2 large shield of cold resistance (worn)
Jewellery
 n - an uncursed ring of positive energy
 o - an amulet of regeneration (around neck)
 u - a +4 ring of evasion (right hand)
 v - an uncursed amulet of clarity
 w - a ring of ice (left hand)
 C - an uncursed ring of poison resistance
Magical devices
 b - a wand of polymorph (5)
 f - a wand of flame (17)
 F - a wand of flame (47)
 M - a wand of cold (10)
 T - a wand of enslavement (12)
Scrolls
 i - 7 scrolls of remove curse
 k - 3 scrolls of teleportation
 z - a scroll of magic mapping
 X - a scroll of fog
Potions
 a - 6 potions of resistance
 d - 3 potions of might
 h - 3 potions of brilliance
 r - 3 potions of cancellation
 s - 7 potions of curing
 t - a potion of beneficial mutation {unknown}
 D - 2 potions of agility
 I - 2 potions of berserk rage
 L - a potion of heal wounds {unknown}
 V - 2 potions of flight
Books
 x - a book of Fire

   Spells                             Type                      Level
   a - Ignite Poison                  Fire/Transmutation/Poison    3
   b - Fireball                       Conjuration/Fire             5
   c - Bolt of Fire                   Conjuration/Fire             6
   d - Delayed Fireball               Conjuration/Fire             7
   e - Ring of Flames                 Charms/Fire                  7
Comestibles
 e - 7 bread rations
 g - a beef jerky
 j - a meat ration
 q - 4 slices of pizza
 G - 9 fruits


   Skills:
 - Level 12.4 Fighting
 + Level 14.2 Long Blades
 - Level 11.3 Armour
 - Level 10.0 Shields
 + Level 9.4 Invocations
 + Level 8.4 Evocations


You had 12 spell levels left.
You didn't know any spells.

Dungeon Overview and Level Annotations

Branches:
Dungeon (9/15)             Temple (1/1) D:4            Lair (5/8) D:9
 Shoals (0/4) Lair:3          Orc (0/4) D:9
  Snake: Lair:3-6    Spider: Lair:3-6

Altars:
Ashenzari
Cheibriados
Dithmenos
Elyvilon
Fedhas
Gozag
Kikubaaqudgha
Makhleb
Nemelex Xobeh
Okawaru
Qazlal
Ru
Sif Muna
Trog
Vehumet
Xom
Yredelemnul
Zin
The Shining One

Shops:
D:5 [   D:6 ?


Innate Abilities, Weirdness & Mutations

You reflexively headbutt those who attack you in melee.
You have a pair of horns on your head.


Message History

Press: ? - help, Dir - move target cursor
As you read the scroll of blinking, it crumbles to dust.
You start waiting.
You float gracefully downwards.
You start waiting.
Your magical contamination has completely faded away.
You start waiting.
You are feeling hungry.
Eat one of 6 chunks of flesh? (ye/n/q/i?) This raw flesh tastes terrible.
You continue eating. x2
Drink which item? (? for menu, Esc to quit)
You feel very buoyant.
You fly up into the air.
Partly explored, can't reach some places.
All of the chunks of flesh in your inventory have rotted away.
Careful!
You are starting to lose your buoyancy.
You float gracefully downwards.
You fall into the water!
You sink like a stone!
You drown...
You die...

######## ##### ##......####
####.).###
####....#..÷..####....#...##
####....#######..[.#...####....
###....#######
###....######.... #....###
#≈≈≈## ###### ##...... ...###
##≈≈≈≈≈##### ##....... .###
≈≈≈≈≈≈≈≈≈≈≈## #........ ##
≈≈≈≈≈≈≈@≈≈≈≈#####....... ####
≈≈≈≈≈≈≈≈≈##≈≈≈≈####.....
...####
≈≈≈≈≈#########≈≈≈≈##....
......####≈≈≈ ##≈≈≈≈###..
###.#...#### ##≈≈≈≈≈##.
#####..## ###≈≈≈### ##..###
##≈≈≈≈≈ ###....## ##≈≈≈≈
###.......# ### ###≈≈


There were no monsters in sight!

Vanquished Creatures
  Maud (Lair:3)
  A frost giant (IceCv)
  A great orb of eyes (Lair:2)
  4 hydras
  An ice statue (IceCv)
  The ghost of braks the Digger, an experienced TrEE of Cheibriados (D:7)
  Pikel (D:4)
  A griffon (Lair:4)
  The ghost of runewalsh the Cleaver, an experienced OpWr of Makhleb (D:6)
  4 elephants
  2 black mambas
  5 spiny frogs
  4 komodo dragons
  A fire drake (Volcano)
  12 polar bears (IceCv)
  Sigmund (D:4)
  A deep elf mage (D:9)
  30 yaks
  3 hungry ghosts (D:9)
  3 hill giant zombies (D:9)
  Eustachio (D:5)
  3 deep elf fighters (Volcano)
  4 hippogriffs
  5 porcupines
  8 water moccasins
  3 orc warriors (D:9)
  2 ice beasts (D:6)
  18 wolves
  2 black bears
  2 slaves (D:4)
  A necrophage (D:9)
  4 ogres
  A phantom (D:9)
  2 centaurs
  A big kobold (D:9)
  12 crocodiles
  A sky beast (D:9)
  A gnoll sergeant (D:6)
  5 giant frogs
  A wyvern zombie (D:9)
  2 troll zombies (D:9)
  4 scorpions
  6 wights
  3 crimson imps
  An electric eel (Lair:1)
  2 centaur zombies
  4 gnoll shamans
  7 hounds
  Crazy Yiuf (D:5)
  7 orc priests
  A jelly (D:6)
  6 orc wizards
  10 iguanas
  11 worker ants
  12 sheep
  An ogre zombie (D:9)
  2 worker ant zombies
  35 gnolls
  A shadow imp (D:3)
  9 adders
  8 river rats (Lair:4)
  12 white imps (Lair:5)
  An ooze (D:6)
  An adder skeleton (D:5)
  An adder zombie (D:9)
  2 worms
  5 giant geckos
  29 orcs
  16 bats
  A bat skeleton (D:4)
  2 giant cockroaches
  10 hobgoblins
  38 jackals
  2 quokkas
  2 ball pythons
  A giant gecko skeleton (D:5)
  3 giant newts
  15 goblins
  A goblin zombie (D:9)
  2 hobgoblin zombies (D:9)
  19 kobolds
  4 orc skeletons (D:9)
  11 orc zombies (D:9)
  6 rats
  A plant (Lair:2)
473 creatures vanquished.

Vanquished Creatures (others)
  A two-headed ogre (Volcano)
  2 hogs (Volcano)
  An orc wizard (D:4)
  2 fungi
  2 plants (Lair:2)
8 creatures vanquished.

Grand Total: 481 creatures vanquished

Notes
Turn   | Place    | Note
--------------------------------------------------------------
     0 | D:1      | Kisielow the Minotaur Fighter began the quest for the Orb.
     0 | D:1      | Reached XP level 1. HP: 19/19 MP: 0/0
   108 | D:1      | Reached XP level 2. HP: 26/26 MP: 1/1
   540 | D:1      | Reached skill level 4 in Long Blades
   960 | D:2      | Upgraded the game from 0.17-a0-1411-g06ff558 to 0.17-a0-1420-geb41feb
   968 | D:2      | Reached XP level 3. HP: 20/31 MP: 2/2
  1339 | D:2      | Found a shadowy altar of Dithmenos.
  1681 | D:3      | Reached skill level 5 in Long Blades
  1709 | D:3      | Reached XP level 4. HP: 37/40 MP: 3/3
  2287 | D:4      | Noticed a slave
  2290 | D:4      | Noticed a slave
  2296 | D:3      | Reached XP level 5. HP: 36/46 MP: 4/4
  2403 | D:4      | Noticed a slave
  2444 | D:4      | Noticed Sigmund
  2708 | D:4      | Killed Sigmund
  2708 | D:4      | Reached skill level 5 in Fighting
  2708 | D:4      | Reached skill level 5 in Armour
  2708 | D:4      | Reached XP level 6. HP: 36/56 MP: 5/5
  2859 | D:4      | Reached skill level 6 in Long Blades
  2859 | D:4      | Reached skill level 5 in Shields
  3155 | D:4      | Reached XP level 7. HP: 49/61 MP: 6/6
  3214 | D:4      | Noticed a slave
  3243 | D:4      | Found a radiant altar of Vehumet.
  3245 | D:4      | Killed a slave
  3395 | D:4      | Found a staircase to the Ecumenical Temple.
  3412 | Temple   | Entered the Ecumenical Temple
  3564 | D:4      | Killed a slave
  3571 | D:4      | Noticed Pikel
  3581 | D:4      | Killed Pikel
  3581 | D:4      | Reached skill level 7 in Long Blades
  3581 | D:4      | Reached XP level 8. HP: 53/71 MP: 7/7
  3642 | D:4      | Found a snail-covered altar of Cheibriados.
  3736 | D:5      | Entered Level 5 of the Dungeon
  4057 | D:5      | Found a shattered altar of Ashenzari.
  4225 | D:5      | Noticed Crazy Yiuf
  4233 | D:5      | Killed Crazy Yiuf
  4239 | D:5      | Got a polished hammer
  4240 | D:5      | Identified the +3 hammer "Demonbane" {flame, +Blink rPois rC- Int+5} (You found it on level 5 of the Dungeon)
  4649 | D:5      | Found Beplau's Armour Emporium.
  4681 | D:5      | Noticed Eustachio
  4700 | D:5      | Killed Eustachio
  4796 | D:6      | Found a glowing silver altar of Zin.
  4798 | D:6      | Found Folipax's Magic Scroll Shop.
  4954 | D:6      | Reached skill level 8 in Long Blades
  5275 | D:6      | Reached XP level 9. HP: 52/80 MP: 8/8
  5867 | D:6      | Noticed runewalsh's ghost (experienced OpWr)
  5893 | D:6      | Killed runewalsh's ghost
  5988 | D:6      | Found an iron altar of Okawaru.
  6010 | D:6      | Reached skill level 9 in Long Blades
  6139 | D:6      | Became a worshipper of Warmaster Okawaru
  6783 | D:7      | Noticed braks's ghost (experienced TrEE)
  6803 | D:7      | Killed braks's ghost
  7424 | D:7      | Acquired Okawaru's first power
  7919 | D:8      | Reached XP level 10. HP: 76/91 MP: 9/9
  8083 | D:8      | Found a shimmering altar of Xom.
  8658 | D:9      | Found a staircase to the Orcish Mines.
  8920 | D:9      | Reached skill level 10 in Long Blades
  9189 | D:9      | Found a staircase to the Lair.
  9190 | D:9      | Noticed an elephant
  9320 | D:9      | Reached skill level 1 in Invocations
  9324 | D:9      | Reached skill level 10 in Fighting
  9350 | D:9      | Reached skill level 1 in Evocations
  9605 | D:9      | Reached skill level 10 in Armour
  9613 | D:9      | Killed an elephant
  9816 | D:9      | Reached skill level 10 in Shields
 10125 | D:9      | Got an ancient robe
 10240 | D:9      | Reached XP level 11. HP: 96/99 MP: 10/12
 10354 | D:9      | Identified the +0 robe of Pathos {*Corrode rPois MR+++ Str+2} (You took it off a kobold on level 9 of the Dungeon)
 10423 | Lair:1   | Entered Level 1 of the Lair of Beasts
 10486 | Lair:1   | Reached skill level 11 in Long Blades
 11487 | Lair:2   | Noticed an eight-headed hydra
 11492 | Lair:2   | Noticed a great orb of eyes
 11492 | Lair:2   | an eight-headed hydra changed into a great orb of eyes
 11510 | Lair:2   | Killed a great orb of eyes
 11510 | Lair:2   | Reached skill level 5 in Invocations
 11537 | Lair:2   | Acquired Okawaru's second power
 12075 | Lair:2   | Reached skill level 12 in Long Blades
 12075 | Lair:2   | Reached skill level 5 in Evocations
 12624 | Lair:2   | Received a gift from Okawaru
 12627 | Lair:2   | Got a polished hat {god gift}
 12633 | Lair:2   | Identified the -3 hat of Disguise {+Inv +Fly} (Okawaru gifted it to you on level 2 of the Lair of Beasts)
 12892 | Lair:3   | Noticed a six-headed hydra
 13214 | Lair:3   | Found a staircase to the Shoals.
 13214 | Lair:3   | Found a shimmering altar of Xom.
 13261 | Lair:3   | Found a dark tunnel.
 13280 | Volcano  | Entered a volcano
 13315 | Volcano  | Reached XP level 12. HP: 62/106 MP: 16/16
 13852 | Lair:3   | Noticed Maud
 13872 | Lair:3   | Killed Maud
 13872 | Lair:3   | Reached skill level 13 in Long Blades
 14827 | Lair:1   | Reached XP level 13. HP: 111/119 MP: 17/17
 15018 | Lair:2   | Killed a two-headed hydra
 15669 | Lair:4   | Found an iron altar of Okawaru.
 15868 | Lair:5   | Received a gift from Okawaru
 15888 | Lair:5   | Found a frozen archway.
 15961 | IceCv    | Entered an ice cave
 16283 | IceCv    | Received a gift from Okawaru
 16305 | IceCv    | Noticed a frost giant
 16313 | IceCv    | Reached skill level 14 in Long Blades
 16333 | IceCv    | Killed a frost giant
 16811 | IceCv    | Drowned

Vault maps used:
D:1:      lightli_arrival_quake, minivault_5
D:2:      nicolae_dithmenos_shadow_blocks, first_bread
D:4:      kennysheep_mini_moat, cheibriados_altar_1, temple_fountains,
          uniq_pikel, uniq_sigmund
D:5:      kennysheep_mini, serial_shops, nicolae_shop_trees,
          uniq_crazy_yiuf_cottage, uniq_eustachio
D:6:      lemuel_castle_with_subvaults, okawaru_gym_becter,
          lemuel_crystal_altar, serial_shops, nicolae_shop_waterfront
D:8:      lemuel_crystal_altar, serial_park_tiny_1
D:9:      david_lair_generic, zombieorc1_lemuel
Temple:   circular_temple_pool_12
Lair:1:   serial_bayou_shore_a, infiniplex_staircase_pool
Lair:2:   wad_woods_minihive, serial_bayou_shore_b
Lair:3:   shoals_dummy_entry, nicolae_volcano_entry_two_sided, basic_altar,
          serial_bayou_shore_b, grunt_megastairs_2, lemuel_fruit_tree, uniq_maud
Lair:4:   basic_altar, st_stairs_13
Lair:5:   portal_ice_cave_entry_imps
IceCv:    ice_cave_small_giant
Volcano:  volcano_village

Action                   |  1- 3 |  4- 6 |  7- 9 | 10-12 | 13-15 || total
-------------------------+-------+-------+-------+-------+-------++-------
Melee: Long sword        |   111 |   118 |   408 |   785 |   297 ||  1719
Invok: Heroism           |       |       |       |       |     2 ||     2
       Finesse           |       |       |       |       |     1 ||     1
 Abil: Evoke Flight      |       |       |       |       |     1 ||     1
Evoke: Wand              |       |       |       |     9 |       ||     9
  Use: Scroll            |     6 |       |     8 |    17 |     3 ||    34
       Potion            |       |     1 |       |    10 |     2 ||    13
  Eat: Chunk             |     1 |     6 |    15 |    19 |     4 ||    45
       Pizza             |       |       |     1 |     1 |       ||     2
       Beef jerky        |       |       |       |     2 |     1 ||     3
       Meat ration       |       |       |       |     1 |       ||     1
